[Event "Titled Tuesday Blitz December 13 Early 2022"]
[White "Agasarov, Benik"]
[Black "Jimenez Almeida, Luis David"]
[WhiteFideId "13314823"]
[BlackFideId "22242244"]
[WhiteElo "2179"]
[BlackElo "2158"]
[Result "1-0"]
[Round "07"]
[TimeControl "180+1"]
[Date "2022.12.14"]
[WhiteClock "0:00:05"]
[BlackClock "0:00:01"]

1. e4 Nf6 2. e5 Nd5 3. d4 d6 4. Nf3 Bg4 5. Bc4 dxe5 6. h3 Bh5 7. g4 Bg6 8. Nxe5 Nb6 9. Bb3 e6 10. Qf3 Qxd4 11. Nxg6 hxg6 12. Qxb7 Qe5+ 13. Be3 N8d7 14. Nc3 Bc5 15. Qe4 Qxe4 16. Nxe4 Bxe3 17. fxe3 Ke7 18. Ke2 Ne5 19. Rad1 Rhd8 20. c3 a5 21. Bc2 a4 22. Nc5 a3 23. Rxd8 Kxd8 24. Rd1+ Ke7 25. b3 Nd5 26. Na4 Rh8 27. Be4 c6 28. Bg2 g5 29. c4 Nb4 30. Nc3 Rd8 31. Rxd8 Kxd8 32. Nb1 Nxa2 33. Nxa3 Nc1+ 34. Kd2 Nxb3+ 35. Kc3 Nc5 36. Kd4 Ncd7 37. c5 Kc7 38. Nc2 f6 39. Nb4 Nf8 40. Be4 Nfg6 41. Na6+ Kd7 42. Nb4 Nh4 43. Na6 Nhf3+ 44. Kc3 Ng1 45. Bg2 Ne2+ 46. Kd2 Ng3 47. Nb8+ Kc7 48. Na6+ Kb7 49. Nb4 Kc7 50. Ke1 f5 51. Nc2 f4 52. Kf2 Nd3+ 53. Kf3 Nxc5 54. exf4 gxf4 55. Kxf4 Ne2+ 56. Ke3 Nc3 57. Kd4 N3a4 58. Nb4 Kd6 59. Nxc6 Nd7 60. Ke3 Nac5 61. Nd4 g6 62. Ne2 e5 63. Nc3 Ke6 64. Bd5+ Kf6 65. h4 g5 66. h5 Ne6 67. Ne4+ Ke7 68. Bxe6 Kxe6 69. Nxg5+ Kf6 70. Ne4+ Ke6 71. g5 Nf8 72. Kf3 Kf5 73. Kg3 Ne6 74. g6 Ng7 75. Kh4 Ke6 76. Kg5 Ke7 77. h6 Ne6+ 78. Kf5 1-0


[Site "https://www.chess.com"]

[Event "Titled Tuesday Blitz December 13 Early 2022"]
[White "Aggelis, Nikolaos"]
[Black "Goryachkina, Aleksandra"]
[WhiteFideId "4213220"]
[BlackFideId "4147103"]
[WhiteElo "2189"]
[BlackElo "2484"]
[Result "0-1"]
[Round "07"]
[TimeControl "180+1"]
[Date "2022.12.14"]
[WhiteClock "0:00:40"]
[BlackClock "0:01:00"]

1. d4 Nf6 2. g3 d5 3. Nf3 Bf5 4. c4 c6 5. Qb3 Qb6 6. c5 Qc7 7. Bf4 Qc8 8. Nc3 e6 9. Qd1 h6 10. h4 Nbd7 11. Bg2 Be7 12. b4 Ne4 13. Nxe4 Bxe4 14. a3 O-O 15. O-O Re8 16. Qb3 Bxf3 17. Bxf3 Bf6 18. Rad1 e5 19. dxe5 Bxe5 20. Bc1 Nf6 21. Kg2 Qe6 22. Rfe1 Rad8 23. Qd3 Qe7 24. Qf5 a5 25. h5 axb4 26. axb4 Bc3 27. Bd2 Bxd2 28. Rxd2 Ne4 29. Rd4 Ng5 30. e3 Qe6 31. Qxe6 fxe6 32. Bg4 e5 33. Rdd1 e4 34. Ra1 Ra8 35. Rxa8 Rxa8 36. Rb1 Kf8 37. b5 Ra5 38. Bc8 Rxb5 39. Rxb5 cxb5 40. Bxb7 Ne6 41. Bxd5 Nxc5 42. f3 b4 43. fxe4 b3 44. Kf2 b2 45. Ba2 Nxe4+ 46. Ke2 Nc3+ 47. Kd2 Nxa2 48. Kc2 Nb4+ 49. Kxb2 Nd5 50. e4 Nf6 51. Kc2 Nxe4 52. g4 Nf6 0-1


[Site "https://www.chess.com"]

[Event "Titled Tuesday Blitz December 13 Early 2022"]
[White "Alice, Mateus Felizardo Viageiro"]
[Black "Bogaudinov, Rushan"]
[WhiteFideId "14800047"]
[BlackFideId "4129288"]
[WhiteElo "2189"]
[BlackElo "2028"]
[Result "1-0"]
[Round "07"]
[TimeControl "180+1"]
[Date "2022.12.14"]
[WhiteClock "0:01:23"]
[BlackClock "0:00:20"]

1. e4 c5 2. Nf3 d6 3. d4 cxd4 4. Nxd4 Nf6 5. Nc3 a6 6. f3 g6 7. Be3 Bg7 8. Qd2 h5 9. O-O-O b5 10. Qe1 Nbd7 11. a3 Bb7 12. Nb3 Rc8 13. Kb1 O-O 14. Bd4 Qc7 15. h3 Nc5 16. g4 Nxb3 17. cxb3 e5 18. Be3 d5 19. exd5 Rfd8 20. Bg5 b4 21. axb4 Qb6 22. Bc4 Qxb4 23. Ne4 Qb6 24. Bxf6 Bxf6 25. gxh5 Bg7 26. hxg6 f5 27. Ng5 Rd6 28. Ne6 Bf6 29. Qd2 e4 30. Qh6 Rd7 31. Nf8 Rxc4 32. Nxd7 Qd8 33. Qh7# 1-0


[Site "https://www.chess.com"]

[Event "Titled Tuesday Blitz December 13 Early 2022"]
[White "Aloma Vidal, Robert"]
[Black "Cruz, William Ferreira Da"]
[WhiteFideId "2260409"]
[BlackFideId "2118050"]
[WhiteElo "2435"]
[BlackElo "2223"]
[Result "0-1"]
[Round "07"]
[TimeControl "180+1"]
[Date "2022.12.14"]
[WhiteClock "0:00:01"]
[BlackClock "0:00:05"]

1. e4 e6 2. d4 d5 3. e5 c5 4. c3 Nc6 5. Nf3 cxd4 6. cxd4 Nge7 7. Bd3 Nf5 8. Bxf5 exf5 9. Nc3 Be6 10. h4 h6 11. h5 Be7 12. Qb3 Qd7 13. Ne2 Na5 14. Qd3 Rc8 15. Rh3 Nc4 16. Rg3 Kf8 17. Nf4 a5 18. b3 Bb4+ 19. Kf1 Na3 20. Nh4 Rc3 21. Nxe6+ Qxe6 22. Qxf5 Rxg3 23. fxg3 Qxf5+ 24. Nxf5 g6 25. hxg6 fxg6 26. Ne3 Kf7 27. Bxa3 Bxa3 28. Nxd5 Bb2 29. Rd1 Rd8 30. Nf4 Rxd4 31. e6+ Kf6 32. Re1 Ba3 33. Re2 g5 34. Nh5+ Kg6 35. e7 Bxe7 36. Rxe7 Kxh5 37. Rxb7 Rd2 38. a4 Rb2 39. Rb5 Kg4 40. Rxa5 Rxb3 41. Rb5 Ra3 42. Rb4+ Kxg3 43. Rb6 Ra1+ 44. Ke2 h5 45. Rb5 g4 46. Rxh5 Rxa4 47. Kf1 Ra1+ 48. Ke2 Kxg2 49. Rh8 g3 50. Rg8 Ra6 51. Ke1 Re6+ 52. Kd2 Re4 53. Kd3 Re5 54. Kd4 Re2 55. Kd3 Re7 56. Kd2 Kf2 57. Rf8+ Kg1 58. Rg8 g2 59. Rf8 Re5 60. Kd3 Kh2 61. Rh8+ Kg3 62. Kd4 Re6 63. Rg8+ Kf2 64. Kd5 Re3 65. Kd4 Rg3 66. Rf8+ Ke1 0-1


[Site "https://www.chess.com"]

[Event "Titled Tuesday Blitz December 13 Early 2022"]
[White "Ambartsumova, Karina"]
[Black "Schut, Han"]
[WhiteFideId "4166299"]
[BlackFideId "1005561"]
[WhiteElo "2319"]
[BlackElo "2024"]
[Result "1-0"]
[Round "07"]
[TimeControl "180+1"]
[Date "2022.12.14"]
[WhiteClock "0:00:22"]
[BlackClock "0:00:02"]

1. Nf3 Nf6 2. d4 g6 3. g3 Bg7 4. Bg2 O-O 5. O-O d5 6. b3 c5 7. Bb2 cxd4 8. Nxd4 Nc6 9. Nxc6 bxc6 10. c4 Be6 11. cxd5 cxd5 12. Nd2 Rc8 13. Nf3 Qd7 14. Rc1 Rxc1 15. Qxc1 Rc8 16. Qa1 Bh3 17. Rc1 Bxg2 18. Kxg2 Rxc1 19. Qxc1 Ne4 20. Bxg7 Kxg7 21. Qe3 e6 22. Qd4+ f6 23. Qb4 Qc7 24. Nd4 Kf7 25. f3 Nd6 26. Nb5 Nxb5 27. Qxb5 Qc2 28. Qd7+ Kf8 29. Qxe6 Qxa2 30. Qxf6+ Kg8 31. Qe6+ Kg7 32. Kf2 Qd2 33. Qe7+ Kg8 34. Qxa7 d4 35. Qe7 Qc3 36. Qe6+ Kg7 37. Qc4 Qe3+ 38. Kg2 Kh6 39. Qd3 Qe5 40. h4 1-0


[Site "https://www.chess.com"]

[Event "Titled Tuesday Blitz December 13 Early 2022"]
[White "Andreikin, Dmitry"]
[Black "Jobava, Baadur"]
[WhiteFideId "4158814"]
[BlackFideId "13601520"]
[WhiteElo "2735"]
[BlackElo "2582"]
[Result "1-0"]
[Round "07"]
[TimeControl "180+1"]
[Date "2022.12.13"]
[WhiteClock "0:00:06"]
[BlackClock "0:00:11"]

1. d4 Nf6 2. c4 c5 3. Nf3 cxd4 4. Nxd4 e5 5. Nf3 Nc6 6. e3 d5 7. cxd5 Qxd5 8. Qxd5 Nxd5 9. a3 f6 10. Bd2 Be6 11. Nc3 Nxc3 12. Bxc3 Rc8 13. Nd2 Kf7 14. Bd3 Be7 15. Ke2 Rhd8 16. Rhd1 h5 17. h3 h4 18. Rac1 Rd7 19. Be4 Rdc7 20. Nf3 g5 21. Bd5 Bxd5 22. Rxd5 e4 23. Nd4 Nxd4+ 24. Rxd4 Bxa3 25. Ra1 Bc5 26. Rxe4 b6 27. f4 Rg8 28. f5 Rd8 29. Re6 Rd6 30. b4 Rxe6 31. fxe6+ Kxe6 32. bxc5 Rxc5 33. Kd3 Rc7 34. e4 Rd7+ 35. Bd4 f5 36. exf5+ Kxf5 37. Rf1+ Kg6 38. Ke4 Rc7 39. Rf6+ Kh5 40. Kf5 Rc1 41. Rd6 Rf1+ 42. Ke4 Rd1 43. Rc6 Rd2 44. Bg7 g4 45. Bd4 Rxg2 46. Be3 gxh3 47. Kf5 1-0


[Site "https://www.chess.com"]

[Event "Titled Tuesday Blitz December 13 Early 2022"]
[White "Ansh M Shah"]
[Black "Ghosh, Chanchal Kumer"]
[WhiteFideId "25033379"]
[BlackFideId "10201858"]
[WhiteElo "2084"]
[BlackElo "2058"]
[Result "1-0"]
[Round "07"]
[TimeControl "180+1"]
[Date "2022.12.14"]
[WhiteClock "0:00:10"]
[BlackClock "0:00:01"]

1. d4 d5 2. c4 e6 3. g3 Nf6 4. Bg2 c6 5. Nf3 Nbd7 6. Nbd2 Bd6 7. O-O O-O 8. Qc2 h6 9. e4 dxe4 10. Nxe4 Nxe4 11. Qxe4 Nf6 12. Qe2 Re8 13. Rd1 Qc7 14. Ne5 c5 15. Nf3 cxd4 16. Nxd4 a6 17. Be3 e5 18. Nb3 e4 19. c5 Be5 20. h3 Be6 21. Nd4 Bd7 22. Rac1 Rad8 23. c6 bxc6 24. Qxa6 Nd5 25. Nxc6 Nxe3 26. fxe3 Bxc6 27. Rxd8 Rxd8 28. Rxc6 Rd1+ 29. Bf1 Qe7 30. Qc8+ Kh7 31. Qf5+ g6 32. Qxe4 Qd7 33. Qf3 Qxh3 34. Qxd1 Qxg3+ 35. Bg2 Qh2+ 36. Kf1 Qh4 37. Qf3 Bg7 38. Qxf7 Qg3 39. Qf3 Qg5 40. Qe4 Qh5 41. a4 1-0


[Site "https://www.chess.com"]

[Event "Titled Tuesday Blitz December 13 Early 2022"]
[White "Araujo Sanchez, Josue"]
[Black "Kamsky, Gata"]
[WhiteFideId "6416896"]
[BlackFideId "2000024"]
[WhiteElo "2370"]
[BlackElo "2666"]
[Result "1-0"]
[Round "07"]
[TimeControl "180+1"]
[Date "2022.12.13"]
[WhiteClock "0:00:04"]
[BlackClock "0:00:04"]

1. c4 f5 2. Nc3 Nf6 3. g3 g6 4. Bg2 Bg7 5. d4 d6 6. h4 Nc6 7. d5 Ne5 8. Nh3 c5 9. b3 h6 10. Bb2 a6 11. O-O O-O 12. Nf4 Rb8 13. a4 Qe8 14. Nh3 Nh5 15. e3 Ng4 16. Qc2 Qf7 17. Rae1 Bd7 18. Nf4 g5 19. hxg5 hxg5 20. Ne6 Bxe6 21. dxe6 Qg6 22. Nd5 Rbe8 23. f3 Ne5 24. f4 Ng4 25. Rf3 Bxb2 26. Qxb2 Nhf6 27. fxg5 Nxd5 28. cxd5 Qxg5 29. Rf4 Rf6 30. Bf3 Ne5 31. Kg2 Nd3 32. Qb1 Nxe1+ 33. Qxe1 Rh6 34. e4 Kh8 35. Rxf5 Qg7 36. e5 Qh7 37. Be4 Rh2+ 38. Kf3 Qh3 39. Rf4 Qh5+ 40. Ke3 Qg5 41. Kd3 dxe5 42. Rf5 Qg4 43. Qe3 Qd1+ 44. Kc3 Qa1+ 45. Kc4 Qd4+ 46. Qxd4 cxd4 47. Rxe5 Rc8+ 48. Kxd4 Kg7 49. Rg5+ Kh6 50. Rg6+ Kh5 51. g4+ Kh4 52. Rg7 Kg3 53. Rxe7 Kxg4 54. Rg7+ Kf4 55. Rf7+ Kg5 56. e7 1-0


[Site "https://www.chess.com"]

[Event "Titled Tuesday Blitz December 13 Early 2022"]
[White "Arbunic Castro, Giovanna"]
[Black "Thiel, Thomas"]
[WhiteFideId "3400549"]
[BlackFideId "4615964"]
[WhiteElo "1931"]
[BlackElo "2206"]
[Result "0-1"]
[Round "07"]
[TimeControl "180+1"]
[Date "2022.12.14"]
[WhiteClock "0:01:17"]
[BlackClock "0:01:46"]

1. e4 d5 2. exd5 Nf6 3. d4 Nxd5 4. c4 Nb6 5. Nf3 g6 6. Be3 Bg7 7. Nc3 O-O 8. Be2 Bg4 9. O-O Nc6 10. d5 Bxf3 11. Bxf3 Ne5 12. Bxb6 Nxf3+ 13. Qxf3 axb6 14. Rad1 Qd7 15. Rfe1 Rfe8 16. a3 e6 17. dxe6 Rxe6 18. Nd5 Rae8 19. Rxe6 Rxe6 20. h4 Qe8 21. Nxc7 Re1+ 22. Rxe1 Qxe1+ 23. Kh2 Be5+ 24. g3 Bxc7 25. Qxb7 Qxf2+ 26. Kh1 Qxg3 0-1


[Site "https://www.chess.com"]

[Event "Titled Tuesday Blitz December 13 Early 2022"]
[White "Asavasaetakul, Chawit"]
[Black "Deuer, Marius"]
[WhiteFideId "6204856"]
[BlackFideId "16236432"]
[WhiteElo "1919"]
[BlackElo "2226"]
[Result "0-1"]
[Round "07"]
[TimeControl "180+1"]
[Date "2022.12.14"]
[WhiteClock "0:00:43"]
[BlackClock "0:00:12"]

1. e4 e5 2. Nf3 Nc6 3. Nc3 Nf6 4. d4 exd4 5. Nxd4 Nxe4 6. Nxe4 Qe7 7. Qd3 d5 8. Nxc6 bxc6 9. Be2 Qxe4 10. Qxe4+ dxe4 11. Be3 Be6 12. a3 Bd6 13. O-O-O f5 14. g3 O-O 15. Rhe1 f4 16. gxf4 Bxf4 17. h4 Rae8 18. Rd4 Bxe3+ 19. fxe3 Bf5 20. Ra4 Ra8 21. Ra6 Rf6 22. Rd1 Kf8 23. Rd4 Bg6 24. Rda4 Rf2 25. Kd1 Rd8+ 26. Ke1 Rh2 27. Rxa7 Rh1+ 28. Kf2 Rh2+ 29. Ke1 Rh1+ 30. Bf1 Bf5 31. Ra8 Rxa8 32. Rxa8+ Ke7 33. Kf2 Rh2+ 34. Kg3 Rxc2 35. b4 Rc3 36. Kf4 g6 37. h5 c5 38. b5 c4 39. a4 Rc1 40. Be2 c3 41. Ra7 Kd6 42. Ra6+ Kd7 43. Rc6 c2 44. a5 Be6 45. hxg6 hxg6 46. a6 Bd5 47. Rc3 Kd6 48. Kg5 Rg1+ 49. Kf6 c1=Q 50. Rxc1 Rxc1 51. Kxg6 Ra1 52. Kf5 Kc5 53. Ke5 Ba8 54. Ke6 Kb6 55. Kd7 c6 56. bxc6 Bxc6+ 57. Kd6 Ba8 58. Ke5 Rxa6 59. Bxa6 Kxa6 60. Kd4 Kb5 61. Kc3 Kc5 62. Kb3 Bd5+ 63. Kc3 Bf7 64. Kd2 Kc4 65. Kc2 Be6 66. Kd2 Kb3 67. Ke2 Kc3 68. Kf2 Kd3 69. Ke1 Kxe3 70. Kf1 Kf3 71. Ke1 e3 72. Kf1 e2+ 73. Ke1 Bf7 74. Kd2 Kf2 75. Kc3 e1=Q+ 76. Kd4 Qe3# 0-1


[Site "https://www.chess.com"]

[Event "Titled Tuesday Blitz December 13 Early 2022"]
[White "Averjanov, Alexey"]
[Black "Gonzalez, Francisco Silva"]
[WhiteFideId "14109867"]
[BlackFideId "1512285"]
[WhiteElo "2629"]
[BlackElo "2220"]
[Result "1-0"]
[Round "07"]
[TimeControl "180+1"]
[Date "2022.12.14"]
[WhiteClock "0:01:05"]
[BlackClock "0:00:16"]

1. d4 Nf6 2. c4 e6 3. Nf3 d5 4. e3 a6 5. Nbd2 c5 6. dxc5 Bxc5 7. a3 dxc4 8. Bxc4 b5 9. Be2 Bb7 10. b4 Bb6 11. Bb2 Nbd7 12. O-O Qe7 13. Rc1 O-O 14. Nd4 Qd6 15. Qc2 Rac8 16. Qb1 Bc7 17. g3 Ne5 18. Rfd1 Bb6 19. N2f3 Rxc1 20. Qxc1 Rc8 21. Qa1 Bxd4 22. Nxd4 Qd5 23. f3 Nc4 24. Kf2 Qh5 25. h4 Nxb2 26. Qxb2 Nd5 27. Rc1 Rd8 28. e4 Nf6 29. Rc7 Ba8 30. Qc3 Qe5 31. Rc8 Qd6 32. e5 Qf8 33. Rxd8 Qxd8 34. exf6 gxf6 35. Qc5 e5 36. Nf5 h5 37. Qe7 Qb8 38. Qxf6 Qa7+ 39. Kg2 Kf8 40. Qd8# 1-0


[Site "https://www.chess.com"]

[Event "Titled Tuesday Blitz December 13 Early 2022"]
[White "Avinash, Ramesh"]
[Black "Matinian, Nikita"]
[WhiteFideId "45018340"]
[BlackFideId "24129100"]
[WhiteElo "2264"]
[BlackElo "2422"]
[Result "1-0"]
[Round "07"]
[TimeControl "180+1"]
[Date "2022.12.13"]
[WhiteClock "0:01:06"]
[BlackClock "0:00:05"]

1. e4 c5 2. Nf3 Nc6 3. d4 cxd4 4. Nxd4 Nf6 5. Nc3 e5 6. Ndb5 d6 7. Bg5 a6 8. Na3 b5 9. Nd5 Be7 10. Bxf6 Bxf6 11. c3 Rb8 12. Nc2 Bg5 13. Be2 O-O 14. O-O g6 15. Ncb4 Nxb4 16. Nxb4 Bb7 17. Nd5 Kg7 18. a4 f5 19. axb5 axb5 20. exf5 Rxf5 21. Bf3 h5 22. Be4 Rf7 23. f3 h4 24. Qd3 Qc8 25. Rad1 Qc5+ 26. Kh1 h3 27. g3 Qc4 28. Qc2 Rbf8 29. b3 Qc5 30. Qe2 Bd8 31. b4 Qc4 32. Qxc4 bxc4 33. Ra1 g5 34. g4 Bxd5 35. Bxd5 Rc7 36. Kg1 Rc8 37. Kf2 Bb6+ 38. Ke2 Rc7 39. Rfd1 Ra8 40. Rxa8 1-0


[Site "https://www.chess.com"]

[Event "Titled Tuesday Blitz December 13 Early 2022"]
[White "Babazada, Khazar"]
[Black "Maghsoodloo, Parham"]
[WhiteFideId "13413554"]
[BlackFideId "12539929"]
[WhiteElo "2359"]
[BlackElo "2672"]
[Result "1/2-1/2"]
[Round "07"]
[TimeControl "180+1"]
[Date "2022.12.13"]
[WhiteClock "0:00:05"]
[BlackClock "0:00:03"]

1. e4 c5 2. Nf3 e6 3. c3 Nf6 4. e5 Nd5 5. d4 cxd4 6. cxd4 d6 7. exd6 Bxd6 8. Nc3 Nxc3 9. bxc3 O-O 10. Bd3 Nd7 11. O-O Nf6 12. Bg5 h6 13. Bh4 b6 14. Qe2 Bb7 15. Nd2 Rc8 16. Rac1 Bf4 17. Rc2 Bg5 18. Bxg5 hxg5 19. Nf3 Bxf3 20. Qxf3 Qd6 21. Re1 Qf4 22. Qd1 Nd5 23. g3 Qf6 24. Qa1 Rc7 25. Be4 Rd8 26. Qb2 g6 27. Kg2 Kg7 28. Bf3 Ne7 29. a4 Nf5 30. a5 Rdc8 31. axb6 axb6 32. Rcc1 b5 33. d5 Rxc3 34. Rxc3 Rxc3 35. dxe6 g4 36. Bxg4 Rxg3+ 37. hxg3 Qxb2 38. Bxf5 fxe6 39. Bxe6 Kf6 40. Re3 Ke7 41. Bb3+ Kd6 42. Bf7 g5 43. Bb3 Kc5 44. Kg1 Kb4 45. Be6 Ka4 46. Kg2 b4 47. Bd7+ Ka5 48. Be6 Qd4 49. Kg1 Ka4 50. Bb3+ Ka3 51. Be6+ Kb2 52. Kg2 Kc2 53. Bb3+ Kd2 54. Be6 g4 55. Bb3 Qd6 56. Kg1 Qc6 57. Be6 Kc2 58. Bb3+ Kb2 59. Be6 Qc1+ 60. Kg2 Qd1 61. Bf7 Qd7 62. Be6 Qc6+ 63. Kg1 Kc2 64. Bf7 Kd2 65. Bb3 Qc1+ 66. Kg2 Qc6+ 67. Kg1 Qf6 68. Kg2 Qf5 69. Kg1 Qf6 70. Bd5 Qd4 71. Be6 Qc5 72. Kg2 Kc2 73. Bb3+ Kb2 74. Be6 Qc6+ 75. Kg1 1/2-1/2


[Site "https://www.chess.com"]

[Event "Titled Tuesday Blitz December 13 Early 2022"]
[White "Barria Zuniga, Daniel"]
[Black "Steinberg, Nitzan"]
[WhiteFideId "3400816"]
[BlackFideId "2801795"]
[WhiteElo "2414"]
[BlackElo "2491"]
[Result "0-1"]
[Round "07"]
[TimeControl "180+1"]
[Date "2022.12.13"]
[WhiteClock "0:00:12"]
[BlackClock "0:00:03"]

1. d4 Nf6 2. c4 g6 3. Nc3 Bg7 4. e4 d6 5. Be2 O-O 6. Nf3 e5 7. d5 a5 8. Bg5 Na6 9. Nd2 Qe8 10. O-O h6 11. Bh4 Nh7 12. a3 f5 13. f3 f4 14. b4 g5 15. Bf2 h5 16. c5 Qg6 17. c6 b6 18. Bxa6 Bxa6 19. b5 Bc8 20. Nc4 g4 21. Bxb6 cxb6 22. Nxb6 Rb8 23. Nxc8 Rfxc8 24. Rb1 gxf3 25. Qxf3 Ng5 26. Qd3 f3 27. Qc2 Rb6 28. Na4 Rf8 29. Nxb6 Nxe4 30. Rbe1 f2+ 31. Rxf2 Rxf2 32. Qxe4 Qf7 33. Nc4 Ra2 34. Rf1 Qa7+ 35. b6 Qa6 36. b7 Qa7+ 37. Kh1 Qf2 38. Qe1 Qxg2# 0-1


[Site "https://www.chess.com"]

[Event "Titled Tuesday Blitz December 13 Early 2022"]
[White "Begunov, Konstantin"]
[Black "Kriti Mayur Patel"]
[WhiteFideId "4118510"]
[BlackFideId "35061780"]
[WhiteElo "2141"]
[BlackElo "1306"]
[Result "1-0"]
[Round "07"]
[TimeControl "180+1"]
[Date "2022.12.14"]
[WhiteClock "0:01:32"]
[BlackClock "0:00:19"]

1. d4 d5 2. c4 e6 3. Nc3 Nf6 4. Bg5 Be7 5. cxd5 exd5 6. e3 c6 7. Bd3 Be6 8. Qc2 Nbd7 9. Nf3 O-O 10. O-O Re8 11. Rab1 Nf8 12. b4 Rc8 13. Na4 b5 14. Nc5 Bg4 15. Ne5 Bh5 16. Bf5 Rb8 17. Nxc6 Qc7 18. Nxb8 Rxb8 19. Bf4 Bd6 20. Bxd6 Qxd6 21. Nd3 Ng6 22. Qc5 Qd8 23. Rfc1 Nh4 24. Bh3 Ne4 25. Qxa7 Ra8 26. Qb7 Rb8 27. Qc7 Qe8 28. Nf4 Bg6 29. Nxd5 Ra8 30. Qe5 Qxe5 31. dxe5 Ng5 32. Ne7+ Kf8 33. Nxg6+ Nxg6 34. Rc8+ Rxc8 35. Bxc8 Ke7 36. Ba6 Ne4 37. f4 f6 38. exf6+ Kxf6 39. Rb3 Nd6 40. Rd3 Ke6 41. Rxd6+ Kxd6 42. Bxb5 Kc7 43. a4 Kb6 44. Bd3 Ne7 45. a5+ Kb7 46. e4 Nc6 47. e5 Nxb4 48. Bxh7 Nc6 49. Be4 Ka6 50. Bxc6 Kxa5 51. e6 Kb6 52. e7 Kxc6 53. e8=Q+ Kd6 54. Qg6+ Kd5 55. Qxg7 Ke4 56. Qe5+ Kd3 57. f5 Kc2 58. f6 Kc1 59. f7 Kb1 60. f8=Q Ka2 61. Qfd6 Kb1 62. Qec5 Ka2 63. Qa6+ Kb3 64. Qab6+ Ka2 65. Qca5# 1-0


[Site "https://www.chess.com"]

[Event "Titled Tuesday Blitz December 13 Early 2022"]
[White "Bethke, Richard"]
[Black "Chernov, Mikhail"]
[WhiteFideId "12959243"]
[BlackFideId "24143170"]
[WhiteElo "2369"]
[BlackElo "2113"]
[Result "1-0"]
[Round "07"]
[TimeControl "180+1"]
[Date "2022.12.14"]
[WhiteClock "0:01:14"]
[BlackClock "0:00:31"]

1. e4 c5 2. Nf3 Nc6 3. d4 cxd4 4. Nxd4 Nf6 5. Nc3 d6 6. Be3 Ng4 7. Bg5 h6 8. Bh4 g5 9. Bg3 Bg7 10. Nb3 Bxc3+ 11. bxc3 Qc7 12. h4 Rg8 13. hxg5 hxg5 14. Qd2 Nf6 15. Bd3 Be6 16. Nd4 O-O-O 17. a4 Kb8 18. a5 Nxa5 19. e5 dxe5 20. Nb5 Qb6 21. Bxe5+ Kc8 22. Qe2 Nd5 23. Bd4 1-0


[Site "https://www.chess.com"]

[Event "Titled Tuesday Blitz December 13 Early 2022"]
[White "Bochnicka, Vladimir"]
[Black "Aizpurua, Patrick Emilio"]
[WhiteFideId "14943450"]
[BlackFideId "6600522"]
[WhiteElo "2239"]
[BlackElo "2378"]
[Result "0-1"]
[Round "07"]
[TimeControl "180+1"]
[Date "2022.12.14"]
[WhiteClock "0:00:02"]
[BlackClock "0:00:19"]

1. e4 c5 2. Nf3 e6 3. d4 cxd4 4. Nxd4 a6 5. c4 Nc6 6. Nc3 Qc7 7. a3 Nf6 8. Be3 b6 9. Be2 Bb7 10. f3 Be7 11. O-O O-O 12. Rc1 Rfc8 13. b4 Ne5 14. f4 Ng6 15. Bd3 d6 16. g4 e5 17. Nf5 exf4 18. Bxf4 Nxf4 19. Rxf4 Bf8 20. g5 d5 21. Rh4 Nxe4 22. Qh5 h6 23. gxh6 g6 24. Qg4 Qe5 25. Nxe4 dxe4 26. Re1 Qxf5 27. Qxf5 gxf5 28. h7+ Kh8 29. Be2 Bg7 30. Kf2 Bd4+ 31. Kg2 Rc6 32. Kh3 Rg6 0-1


[Site "https://www.chess.com"]

[Event "Titled Tuesday Blitz December 13 Early 2022"]
[White "Bodnaruk, Anastasia"]
[Black "Maksimovic, Bojan"]
[WhiteFideId "4181751"]
[BlackFideId "14408120"]
[WhiteElo "2314"]
[BlackElo "2462"]
[Result "0-1"]
[Round "07"]
[TimeControl "180+1"]
[Date "2022.12.14"]
[WhiteClock "0:00:08"]
[BlackClock "0:00:03"]

1. e4 c5 2. Nc3 e6 3. Nge2 d5 4. exd5 exd5 5. d4 Nf6 6. g3 cxd4 7. Nxd4 Nc6 8. Bg2 Bg4 9. f3 Bd7 10. Be3 a6 11. O-O Bd6 12. Kh1 O-O 13. f4 Re8 14. Qd2 Ne4 15. Nxe4 dxe4 16. Rad1 Bc7 17. Nxc6 Bxc6 18. Qc3 Qc8 19. Bd4 f6 20. Rfe1 Qf5 21. Bb6 Bxb6 22. Qb3+ Kh8 23. Qxb6 Rac8 24. c3 h6 25. Re3 Re7 26. Rd8+ Rxd8 27. Qxd8+ Re8 28. Qd4 Qa5 29. a3 Rd8 30. Qc4 Rd1+ 31. Bf1 Bb5 32. Qc8+ Rd8 33. Qf5 Qb6 34. Rxe4 Bxf1 35. Qg6 Bb5 36. c4 Bc6 0-1


[Site "https://www.chess.com"]

[Event "Titled Tuesday Blitz December 13 Early 2022"]
[White "Boros, Denes"]
[Black "Budrewicz, Krzysztof"]
[WhiteFideId "722340"]
[BlackFideId "1127950"]
[WhiteElo "2464"]
[BlackElo "2188"]
[Result "1-0"]
[Round "07"]
[TimeControl "180+1"]
[Date "2022.12.14"]
[WhiteClock "0:00:09"]
[BlackClock "0:00:04"]

1. Nc3 g6 2. d4 Bg7 3. e4 d6 4. h3 a6 5. a4 Nc6 6. Nf3 Nf6 7. Be3 O-O 8. d5 Nb4 9. Qd2 a5 10. Bc4 c6 11. O-O Qc7 12. Bb3 Bd7 13. Bh6 c5 14. Bxg7 Kxg7 15. Bc4 e5 16. dxe6 Bxe6 17. Nb5 Qc6 18. Bxe6 fxe6 19. Qxd6 Rad8 20. Qe7+ Kg8 21. Ng5 Rde8 22. Qd6 Nxc2 23. Rac1 Nd4 24. Rxc5 Qxd6 25. Nxd6 Re7 26. Rd1 e5 27. Nb5 h6 28. Nxd4 hxg5 29. Nf3 b6 30. Rc6 Nxe4 31. Rxb6 Kg7 32. Rd5 Rc8 33. Rxe5 Rc1+ 34. Kh2 Rxe5 35. Nxe5 Nxf2 36. Rxg6+ Kh7 37. Rc6 Rb1 38. Rc2 Ne4 39. Nc6 Ra1 40. b3 Kg6 41. Nxa5 Rb1 42. Re2 Kf5 43. g3 Nc5 44. Kg2 Nd3 45. Kf3 Ne5+ 46. Ke3 Rg1 47. Kf2 Rb1 48. Nc4 Nd3+ 49. Ke3 Nc5 50. Kd4 Nxb3+ 51. Kc3 Nc5 52. a5 Rb3+ 53. Kd4 Ne6+ 54. Kd5 Nc7+ 55. Kc6 Na6 56. Re5+ Kf6 57. g4 Rc3 58. Rf5+ Kg6 59. Kd5 Rd3+ 60. Ke4 Rc3 61. Ne5+ Kh6 62. Rf6+ Kg7 63. Rxa6 1-0


[Site "https://www.chess.com"]

[Event "Titled Tuesday Blitz December 13 Early 2022"]
[White "Bruned, Boris"]
[Black "Balint, Vilmos"]
[WhiteFideId "621790"]
[BlackFideId "718050"]
[WhiteElo "2049"]
[BlackElo "2183"]
[Result "0-1"]
[Round "07"]
[TimeControl "180+1"]
[Date "2022.12.14"]
[WhiteClock "0:00:03"]
[BlackClock "0:01:27"]

1. b3 a5 2. Bb2 a4 3. a3 axb3 4. cxb3 Nf6 5. g3 e6 6. Bg2 Be7 7. e3 O-O 8. Ne2 Nc6 9. O-O d5 10. f4 b6 11. b4 Ba6 12. d3 Ng4 13. Qd2 Bf6 14. Bxf6 Qxf6 15. d4 Bc4 16. Nbc3 h5 17. h3 Nh6 18. Kh2 Ra7 19. e4 Qd8 20. exd5 exd5 21. f5 f6 22. Rf2 Qd7 23. Nf4 Nxf5 24. Nfxd5 Nfxd4 25. Nf4 h4 26. b5 hxg3+ 27. Kxg3 Ne5 28. Kh2 Ndf3+ 29. Bxf3 Nxf3+ 0-1


[Site "https://www.chess.com"]

[Event "Titled Tuesday Blitz December 13 Early 2022"]
[White "Buchenau, Frank"]
[Black "Putri, Regita Desyari"]
[WhiteFideId "4604350"]
[BlackFideId "7109083"]
[WhiteElo "2157"]
[BlackElo "1930"]
[Result "1-0"]
[Round "07"]
[TimeControl "180+1"]
[Date "2022.12.14"]
[WhiteClock "0:00:17"]
[BlackClock "0:00:01"]

1. e4 e5 2. Bc4 Nf6 3. d3 Nc6 4. Nf3 Bb4+ 5. c3 Be7 6. O-O O-O 7. Re1 d6 8. Nbd2 Na5 9. Bb5 a6 10. Ba4 b5 11. Bc2 c5 12. a4 Bb7 13. axb5 axb5 14. Nf1 Re8 15. Ng3 g6 16. h3 Bf8 17. Bg5 Bg7 18. Qd2 Nc6 19. Nh2 Qc7 20. Bh6 Bh8 21. f4 Rxa1 22. Rxa1 d5 23. fxe5 Qxe5 24. Bf4 Qe6 25. Nf3 c4 26. e5 cxd3 27. Bxd3 Nd7 28. Nd4 Nxd4 29. cxd4 Qb6 30. Qb4 Bc6 31. Kh2 Bg7 32. Ne2 Bf8 33. Qa5 Qb7 34. Qa7 Qc8 35. Rc1 Nb8 36. Bxb5 Qe6 37. Bxc6 Nxc6 38. Qb6 Nb4 39. Qxe6 fxe6 40. Rc3 Na2 41. Rc7 Nb4 42. Bd2 Nd3 43. Bc3 Nf2 44. Nf4 Ne4 45. h4 Bh6 46. Nd3 Be3 47. Nc5 1-0


[Site "https://www.chess.com"]